 Dungeon Crawl Stone Soup version 0.21.1-1-g345015f (webtiles) character file.

88 redwoodhats the Covered (level 4, 0/37 HPs)
             Began as a Barachi Fighter on June 3, 2018.
             Succumbed to a worker ant's poison
             ... on level 4 of the Dungeon.
             The game lasted 00:10:59 (1411 turns).

redwoodhats the Covered (Barachi Fighter)           Turns: 1411, Time: 00:11:00

Health: 0/37       AC:  9    Str: 14 (17) XL:     4   Next: 53%
Magic:  4/4        EV:  4    Int:  7 (10) God:
Gold:   74         SH:  8    Dex:  9 (11) Spells: 3/3 levels left

rFire    . . .     SeeInvis .   a - +0 flail
rCold    . . .     Gourm    .   c - +0 shield
rNeg     . . .     Faith    .   g - +0 chain mail
rPois    .         Spirit   .   (no helmet)
rElec    .         Reflect  .   (no cloak)
rCorr    .         Harm     .   (no gloves)
MR       .....                  (no boots)
Stlth    ..........             (no amulet)
HPRegen  0.12/turn              (no ring)
MPRegen  0.09/turn              (no ring)

@: lethally poisoned (0 -> -12), slow
A: +LOS, swims, slowness 1, strong legs 1
a: Hop


You were on level 4 of the Dungeon.
You were not hungry.

You visited 1 branch of the dungeon, and saw 4 of its levels.

You collected 74 gold pieces.

Inventory:

Hand Weapons
 a - a +0 flail (weapon)
 m - a cursed -1 short sword
 o - a +0 dagger of venom
Missiles
 k - a throwing net (quivered)
Armour
 b - a +0 scale mail
 c - a +0 shield (worn)
 g - a +0 chain mail (worn)
Jewellery
 i - a cursed -2 ring of strength {unknown}
 l - a +3 ring of strength {unknown}
 p - a +2 ring of dexterity {unknown}
Scrolls
 e - a scroll of teleportation {unknown}
 h - a scroll of random uselessness {unknown}
 n - 2 scrolls of remove curse {unknown}
Potions
 d - 3 potions of might
 j - a potion of curing
Comestibles
 f - 3 rations


   Skills:
 + Level 4.2 Fighting
 + Level 3.2 Maces & Flails
 + Level 4.3 Armour
 + Level 4.1 Shields


You had 3 spell levels left.
You didn't know any spells.

Dungeon Overview and Level Annotations

Branches:
Dungeon (3/15)

Altars:
Cheibriados
Elyvilon
Ru
The Shining One


Innate Abilities, Weirdness & Mutations

Shadows flee at your approach. (+LOS)
You can swim through water.
You cover ground slowly.
You can hop short distances.


Message History

Your chain mail prevents you from hitting the worker ant.
The worker ant is severely wounded.
You feel sick.
The worker ant bites you but does no damage.
You block the adder's attack.
The worker ant bites you but does no damage.
You hit the worker ant.
The worker ant is almost dead.
You feel sick. The adder bites you.
* * * LOW HITPOINT WARNING * * *
The worker ant bites you.
* * * LOW HITPOINT WARNING * * *
You are more poisoned.
The worker ant poisons you! The adder barely misses you.
An adder comes into view.
* * * LOW HITPOINT WARNING * * *
You feel sick. The worker ant barely misses you.
The adder bites you but does no damage. The worker ant bites you.
* * * LOW HITPOINT WARNING * * *
You die...

## .#
###.#.#
##.@...#
#Sa#.#.#
#S#..#
#...##
.#### #.
.? ..#
##


You could see a worker ant and 2 adders.

Vanquished Creatures
  3 adders
  An ooze (D:1)
  2 worms (D:2)
  A dart slug (D:2)
  A leopard gecko (D:1)
  4 orcs
  3 bats (D:2)
  4 giant cockroaches
  4 hobgoblins
  2 jackals (D:1)
  A quokka (D:3)
  2 ball pythons
  2 frilled lizards
  3 goblins
  5 kobolds
  6 rats
44 creatures vanquished.

Notes
Turn   | Place    | Note
-------+----------+-------------------------------------------
     0 | D:1      | redwoodhats the Barachi Fighter began the quest for the Orb.
     0 | D:1      | Reached XP level 1. HP: 18/18 MP: 1/1
   126 | D:1      | Reached XP level 2. HP: 25/25 MP: 2/2
   559 | D:2      | Reached XP level 3. HP: 30/30 MP: 3/3
   562 | D:2      | Found a sacrificial altar of Ru.
   564 | D:2      | Found a glowing golden altar of the Shining One.
   566 | D:2      | Found a white marble altar of Elyvilon.
   879 | D:2      | You fall through a shaft!
   893 | D:3      | Reached XP level 4. HP: 37/37 MP: 4/4
   991 | D:3      | Found a snail-covered altar of Cheibriados.
  1095 | D:2      | Found a white marble altar of Elyvilon.
  1382 | D:2      | You fall through a shaft for 2 floors!
  1410 | D:4      | HP: 1/37 [worker ant (2)]
  1411 | D:4      | Succumbed to a worker ant's poison

Skill      XL: |  1  2  3  4 |
---------------+-------------+-----
Armour         | 4 |  4.3
Fighting       | 4 |  4.2
Maces & Flails | 3 |  3.2
Shields        | 4 |  4.1

Action                   |  1- 3 |  4- 6 || total
-------------------------+-------+-------++-------
Melee: Flail             |    76 |    77 ||   153
  Use: Potion            |       |     3 ||     3
  Eat: Ration            |       |     1 ||     1
Armor: Chain mail        |    44 |    33 ||    77
       Scale mail        |     2 |       ||     2
Dodge: Dodged            |    10 |    15 ||    25
Block: Shield            |    36 |    38 ||    74
